 Dungeon Crawl Stone Soup version 0.30-a0-772-g5528072125 (webtiles) character file.

Game seed: 2297869640704800283

1479 dohliylev the Grappler (level 8, -3/78 HPs)
             Began as a Troll Berserker on Feb 13, 2023.
             Was a Priest of Trog.
             Splashed by a jelly's acid (7 damage)
             ... on level 6 of the Dungeon.
             The game lasted 00:05:59 (4213 turns).

dohliylev the Grappler (Troll Berserker)            Turns: 4213, Time: 00:05:59

Health: -3/78      AC:  0    Str: 28    XL:     8   Next: 50%
Magic:  7/7        EV: 11    Int:  3    God:    Trog [***...]
Gold:   308        SH:  0    Dex:  9    Spells: 7/7 levels left

rFire   . . .      SeeInvis .      - Unarmed
rCold   . . .      Faith    .    (no shield)
rNeg    . . .      Spirit   .    a - +0 animal skin
rPois   .          Reflect  .    (helmet restricted)
rElec   .          Harm     .    (no cloak)
rCorr   .          Rampage  .    (gloves unavailable)
Will    .....                    (boots unavailable)
Stlth   +                        (no amulet)
HPRegen 1.13/turn                (no ring)
MPRegen 0.10/turn                (no ring)

@: confused, corroded
A: large, unfitting armour, claws 3, regeneration 1, shaggy fur 1, tough skin 1
a: Renounce Religion, Berserk, Trog's Hand


You were on level 6 of the Dungeon.
You worshipped Trog.
Trog was most pleased with you.
You visited 1 branch of the dungeon, and saw 6 of its levels.

You collected 308 gold pieces.

Inventory:

Missiles
 c - 17 poisoned darts (quivered)
Armour
 a - a +0 animal skin (worn)
Jewellery
 y - an amulet of the acrobat
Wands
 v - a wand of paralysis (10)
Scrolls
 b - 3 scrolls of identify {unknown}
 d - 2 scrolls of blinking {unknown}
 e - 3 scrolls of immolation {unknown}
 g - 3 scrolls of silence {unknown}
 j - a scroll of teleportation {unknown}
 k - 2 scrolls of enchant weapon {unknown}
 q - a scroll of fear {unknown}
 s - a scroll of fog {unknown}
 u - 2 scrolls of amnesia {unknown}
 w - a scroll of noise {unknown}
Potions
 f - a potion of brilliance {unknown}
 h - 4 potions of lignification {unknown}
 i - a potion of curing
 l - 4 potions of flight {unknown}
 m - a potion of attraction {unknown}
 n - a potion of resistance {unknown}
 o - 3 potions of mutation {unknown}
 p - a potion of magic {unknown}
 r - a potion of invisibility {unknown}
 t - a potion of might {unknown}
 x - a potion of berserk rage {unknown}
 z - a potion of haste {unknown}
 A - a potion of heal wounds {unknown}


   Skills:
 + Level 4.0 Fighting
 + Level 5.1 Dodging
 + Level 8.9 Unarmed Combat


You had 7 spell levels left.
You didn't know any spells.
Your spell library was empty.

Dungeon Overview and Level Annotations

Branches:
Dungeon (6/15)             Temple (0/1) D:5

Altars:
Cheibriados
Fedhas
Gozag
Makhleb
Okawaru
Sif Muna
Wu Jian
Yredelemnul

Shops:
D:1 (   D:2 =   D:4 :


Innate Abilities, Weirdness & Mutations

You are too large for most types of armour.
You have claws for hands.
Your natural rate of healing is unusually fast.
You are covered in fur. (AC +1)
You have tough skin. (AC +1)


Message History

The orc wizard attacks as you move away!
The orc wizard hits you but does no damage.
The orc wizard gestures wildly while chanting.
The orc wizard flickers and vanishes!
Deactivating autopickup; reactivate with Ctrl-A.
You claw the orc priest!
You kill the orc priest!
Trog accepts your kill.
You hear some strange, mumbled words.
You are more confused.
Your Fighting skill increases to level 4!
You're too confused to move!
You hear some strange, mumbled words.
A puff of flame appears from out of thin air!
The puff of flame hits you! Something hits you.
The white imp hits you but does no damage.
Items here: ! " )) [[.
You're too confused to move!
Something hits you. The white imp barely misses you.
You scratch the jelly.
Your claws burn!
The jelly is moderately wounded.
The jelly hits you. The acid corrodes you!
You are splashed with acid!
Something hits you. The white imp gestures at you. The puff of frost hits you.
You bump into the rock wall.
The jelly hits you.
You are splashed with acid!
* * * LOW HITPOINT WARNING * * *
You hear some strange, mumbled words.
A magic dart appears from out of thin air!
The magic dart hits you!
* * * LOW HITPOINT WARNING * * *
The white imp barely misses you.
You bump into the rock wall.
The white imp closely misses you. Something hits you.
* * * LOW HITPOINT WARNING * * *
The jelly hits you.
* * * LOW HITPOINT WARNING * * *
The acid corrodes you!
You are splashed with acid!
You die...

######(#### #...#
....##.##### #...#
###.##.....# #...#
#..........# #...######
...)####...#####..!#.....
....# #.................
....# #......†..).......
....# ##.........J)......
....# #..#####)#@{.#.##.#
##### #.## #.#.5.# #.#
#.#...# #.# #.#...# #.#
#.#...# #######.# #......
.....##.# ###...##
.###.##.# ##... .#......#


You could see a jelly and a white imp.

Vanquished Creatures
  Edmund (D:6)
  A water moccasin (D:5)
  A black bear (D:5)
  2 ogres (D:5)
  2 phantoms
  3 jellies (D:5)
  2 orc priests (D:6)
  A gnoll bouda (D:4)
  4 hounds
  Jessica (D:2)
  5 iguanas
  Terence (D:2)
  An orc wizard (D:4)
  Natasha (thrice) (D:2)
  14 gnolls
  A shadow imp (D:5)
  2 white imps
  An ufetubus (D:4)
  A worm (D:2)
  8 dart slugs
  11 orcs
  4 ball pythons
  4 endoplasms (D:1)
  5 giant cockroaches
  6 goblins
  5 hobgoblins
  8 jackals (D:1)
  7 kobolds
  2 quokkas
  6 bats
  2 frilled lizards
  2 rats
117 creatures vanquished.

Vanquished Creatures (others)
  7 plants
7 creatures vanquished.

Grand Total: 124 creatures vanquished

Notes
Turn   | Place    | Note
-------+----------+-------------------------------------------
     0 | D:1      | dohliylev the Troll Berserker began the quest for the Orb.
     0 | D:1      | Reached XP level 1. HP: 22/22 MP: 0/0
    40 | D:1      | Found a faded altar of an unknown god.
    61 | D:1      | Reached XP level 2. HP: 29/29 MP: 1/1
    64 | D:1      | Found Pulliet's Weapon Shop.
   288 | D:1      | Reached XP level 3. HP: 35/36 MP: 2/2
   484 | D:1      | Reached ** piety under Trog
   809 | D:2      | Noticed Natasha
   816 | D:2      | Killed Natasha
   817 | D:2      | Reached XP level 4. HP: 33/44 MP: 3/3
   856 | D:2      | Noticed Terence
   860 | D:2      | Killed Terence
   861 | D:2      | Reached skill level 4 in Unarmed Combat
   976 | D:2      | Noticed Jessica
   986 | D:2      | Killed Jessica
  1073 | D:2      | Noticed Natasha
  1083 | D:2      | Killed Natasha
  1084 | D:2      | Reached XP level 5. HP: 45/53 MP: 4/4
  1129 | D:2      | Noticed Natasha
  1142 | D:2      | Killed Natasha
  1204 | D:2      | Found Bixep's Jewellery Emporium.
  1553 | D:3      | Found a burning altar of Makhleb.
  1570 | D:3      | Found a blossoming altar of Fedhas.
  1629 | D:3      | Reached skill level 5 in Unarmed Combat
  1861 | D:3      | Found a basalt altar of Yredelemnul.
  1861 | D:3      | Found a snail-covered altar of Cheibriados.
  2071 | D:4      | Found an opulent altar of Gozag.
  2071 | D:4      | Found a shimmering blue altar of Sif Muna.
  2107 | D:4      | Reached *** piety under Trog
  2233 | D:4      | Reached XP level 6. HP: 15/61 MP: 5/5
  2287 | D:4      | Found Gogeh's Book Shop.
  2478 | D:4      | Reached skill level 6 in Unarmed Combat
  3093 | D:4      | Found an ornate altar of the Wu Jian Council.
  3348 | D:5      | Entered Level 5 of the Dungeon
  3427 | D:5      | Noticed a water moccasin
  3439 | D:5      | Killed a water moccasin
  3440 | D:5      | Reached XP level 7. HP: 47/67 MP: 6/6
  3562 | D:5      | HP: 4/100 [ogre/+0 giant club (26)]
  3563 | D:5      | Reached skill level 7 in Unarmed Combat
  3699 | D:5      | Reached XP level 8. HP: 76/76 MP: 7/7
  3778 | D:5      | Reached skill level 8 in Unarmed Combat
  3801 | D:5      | Found an iron altar of Okawaru.
  3845 | D:5      | Found a staircase to the Ecumenical Temple.
  4185 | D:6      | Noticed Edmund
  4195 | D:6      | Killed Edmund
  4196 | D:6      | Reached skill level 5 in Dodging
  4213 | D:6      | Splashed by a jelly's acid

Illustrated notes

Levels and vault maps discovered:
D:1:      dpeg_arrival_pits, layout_basic, serial_shops,
          nicolae_shop_bloodbath_and_beyond, ebering_ecumenical_altar_webs
D:2:      layout_rooms, serial_shops, nicolae_shop_statue_plus, uniq_natasha,
          uniq_jessica, uniq_terence
D:3:      layout_loops_cross, minitemple, bloody_makhleb, fedhas_altar_3,
          chequers_serial_rivers_micro_a, minmay_close_crescents
D:4:      layout_layer_cave, nicolae_overflow_hidden_temple, serial_shops,
          nicolae_shop_behind_doors, nicolae_grassy_gnolls
D:5:      layout_rooms, mainiacjoe_overflow_surrounded_room,
          minmay_temple_entry_waves
D:6:      layout_loops_cross, nicolae_stop_n_shop_2, uniq_edmund

Skill      XL: |  1  2  3  4  5  6  7  8 |
---------------+-------------------------+-----
Dodging        | 3 4 5 |  5.1
Unarmed Combat | 4 5 6 7 8 |  8.9
Fighting       | 3 4 |  4.0

Action                     |  1- 3 |  4- 6 |  7- 9 || total
---------------------------+-------+-------+-------++-------
  Melee: Unarmed           |    80 |   151 |    78 ||   309
         Punch             |     1 |     3 |     4 ||     8
 Invoke: Berserk           |     1 |     1 |     1 ||     3
         Trog's Hand       |       |     1 |     1 ||     2
 Armour: Animal skin       |    32 |    30 |    16 ||    78
  Dodge: Dodged            |    51 |    61 |    33 ||   145

Table legend: (Time is in decaauts)
 A = Elapsed time spent in this place.
 B = Non-inter-level travel time spent in this place.
 C = Inter-level travel time spent in this place.
 D = Time resting spent in this place.
 E = Time spent auto-exploring this place.
 F = Levels seen in this place.
 G = Mean time per level.
                   A        B        C        D        E       F      G
               +--------+--------+--------+--------+--------+-----+--------+
         Total |   4205 |   4043 |    162 |    176 |   3214 |   6 |  700.8 |
       Dungeon |   4205 |   4043 |    162 |    176 |   3214 |   6 |  700.8 |
               +--------+--------+--------+--------+--------+-----+--------+

Top non-repeatable levels by time:
     D:4: 1364 daAuts
     D:1: 813 daAuts
     D:3: 681 daAuts
     D:5: 667 daAuts
     D:2: 486 daAuts
     D:6: 194 daAuts
